AoeStats
← patrickwork0001

Highland

505638239Analyzed
4v4 RM · 22d ago on Sep 10, 2026· 39m 5s· 8 players
Game mode
Random Map
Map size
Large (8 player)
Population
200
Speed
Normal
Resources
Standard
Victory
Conquest
Starting age
Dark Age
Ending age
Imperial Age
RankedLock teamsTeams togetherTeam positionsShared explorationLock speedFull tech treeHidden civsTurbo modeCheats
Victory
Defeat
🇸🇪 Wu · Sweden
1131
+14
🇩🇪 Burgundians · Germany
1074
+17
🇮🇳 Franks · India
1066
+20
🇹🇼 Turks · Taiwan
1062
+17
🇨🇳 Persians · China
1132
-18
🇭🇰 Vietnamese · Hong Kong SAR China
1126
-17
🇭🇰 Teutons · Hong Kong SAR China
1055
-15
🇨🇦 Burgundians · Canada
1052
-15
建興法師
Amazon Shopping
5:15 Loom
10:59 Double-Bit Axe
13:13 Feudal Age
14:27 Horse Collar
17:06 Heavy Plow
23:14 Forging
378080739
0:28 Loom
patrickwork0001
Canovey325
3:37 Loom
11:10 Double-Bit Axe
11:33 Horse Collar
15:23 Feudal Age
13:51 Horse Collar
16:25 Bow Saw
17:21 Gold Mining
19:11 Heavy Plow
22:22 Castle Age
23:00 Gold Shaft Mining
25:19 Two-Man Saw
25:04 Crop Rotation
30:23 Stone Mining
31:22 Burgundian Vineyards
34:29 Imperial Age
37:05 Spies/Treason
l5889770
The Outpost Man
1:15 Loom
17:41 Feudal Age
17:42 Man-at-Arms
18:35 Double-Bit Axe
20:20 Forging
21:16 Horse Collar
36:22 Town Watch
41:04 Castle Age
legend683
10:52 Feudal Age
15:33 Castle Age
13:32 Double-Bit Axe
15:49 Loom
18:51 Scale Barding Armor
20:17 Husbandry
25:37 Wheelbarrow
25:17 Bow Saw
25:45 Town Watch
29:08 Town Patrol
31:01 Hand Cart
31:37 Gold Mining
34:24 Imperial Age
38:14 Spies/Treason
Connection lost

Rejoining the realm…

Still unreachable

The connection could not be restored.

Session expired

The server has moved on; the page needs a fresh start.